| TOP OF THE 1ST |
|
Bowie Baysox batting - Pitching for Jackson Generals : RHP Frank Kats
|
|
Pitching: RHP Frank Kats
|
|
|
Batting: LHB Tom Edwards
|
0-0: Foul Ball, location: 2F 0-1: Called Strike 0-2: Ball 1-2: Foul Ball, location: 2F 1-2: Foul Ball, location: 2F 1-2: Ball 2-2: Ball 3-2: Strikes out swinging
|
|
Batting: RHB Muneer Maudad
|
0-0: Foul Ball, location: 2F 0-1: Foul Ball, location: 2F 0-2: Foul Ball, location: 2F 0-2: Ball 1-2: Foul Ball, location: 2F 1-2: Ground out 4-3 (Groundball, 4, EV 80.0 MPH)
|
|
Batting: LHB Justin Moore
|
0-0: Ball 1-0: Called Strike 1-1: Ball 2-1: SINGLE (Groundball, 4MD, EV 103.8 MPH)
|
|
Batting: RHB Travis Leonard
|
0-0: SINGLE (Line Drive, 34D, EV 101.2 MPH) Justin Moore to second
|
|
Batting: RHB John Gray
|
0-0: Ball 1-0: Ball 2-0: Ball 3-0: Base on Balls Justin Moore to third Travis Leonard to second
|
|
Batting: LHB Andrew Erens
|
0-0: Ball 1-0: Fly out, F5 (Popup, 56S, EV 82.5 MPH)
|
| Top of the 1st over - 0 runs, 2 hits, 0 errors, 3 left on base; Bowie 0 - Jackson 0 |
| BOTTOM OF THE 1ST |
|
Jackson Generals batting - Pitching for Bowie Baysox : RHP Brent Widder
|
|
Pitching: RHP Brent Widder
|
|
|
Batting: RHB Mike Conaway
|
0-0: Ball 1-0: Foul Ball, location: 2F 1-1: Ball 2-1: Ball 3-1: Ground out 6-3 (Groundball, 56, EV 88.8 MPH)
|
|
Batting: RHB Ryan Criollo
|
0-0: Called Strike 0-1: Swinging Strike 0-2: Fly out, F9 (Flyball, 9, EV 83.1 MPH)
|
|
Batting: RHB Julian Gregory
|
0-0: Foul Ball, location: 2F 0-1: Ball 1-1: Ball 2-1: Swinging Strike 2-2: Foul Ball, location: 2F 2-2: SINGLE (Groundball, 6M, EV 83.1 MPH) (infield hit)
|
|
Batting: RHB Adan Lake
|
0-0: Fly out, F7 (Flyball, 7D, EV 86.2 MPH)
|
| Bottom of the 1st over - 0 runs, 1 hit, 0 errors, 1 left on base; Bowie 0 - Jackson 0 |
| TOP OF THE 2ND |
|
Bowie Baysox batting - Pitching for Jackson Generals : RHP Frank Kats
|
|
Batting: RHB Jeremy Sipe
|
0-0: Ball 1-0: Called Strike 1-1: Ball 2-1: Bunted foul 2-2: Foul Ball, location: 2F 2-2: Foul Ball, location: 2F 2-2: Ground out U3 (Groundball, 3, EV 107.5 MPH)
|
|
Batting: LHB Raul Rojas
|
0-0: Fly out, F8 (Flyball, 8LD, EV 95.0 MPH)
|
|
Batting: RHB Ray Sims
|
0-0: Swinging Strike 0-1: Fly out, F8 (Flyball, 8RS, EV 86.9 MPH)
|
| Top of the 2nd over - 0 runs, 0 hits, 0 errors, 0 left on base; Bowie 0 - Jackson 0 |
| BOTTOM OF THE 2ND |
|
Jackson Generals batting - Pitching for Bowie Baysox : RHP Brent Widder
|
|
Batting: RHB Hideo Okimura
|
0-0: Called Strike 0-1: Ball 1-1: Called Strike 1-2: Strikes out swinging
|
|
Batting: SHB Brendan Bundy
|
0-0: Swinging Strike 0-1: Foul Ball, location: 2F 0-2: Foul Ball, location: 2F 0-2: Foul Ball, location: 2F 0-2: Foul Ball, location: 2F 0-2: Strikes out looking
|
|
Batting: RHB Ching-hsia Zhang
|
0-0: Called Strike 0-1: Foul Ball, location: 2F 0-2: Strikes out swinging
|
| Bottom of the 2nd over - 0 runs, 0 hits, 0 errors, 0 left on base; Bowie 0 - Jackson 0 |
| TOP OF THE 3RD |
|
Bowie Baysox batting - Pitching for Jackson Generals : RHP Frank Kats
|
|
Batting: LHB Tom Edwards
|
0-0: Swinging Strike 0-1: Foul Ball, location: 2F 0-2: Strikes out looking
|
|
Batting: RHB Muneer Maudad
|
0-0: Called Strike 0-1: Ball 1-1: Ball 2-1: Ground out 5-3 (Groundball, 56, EV 98.8 MPH)
|
|
Batting: LHB Justin Moore
|
0-0: Foul Ball, location: 2F 0-1: Foul Ball, location: 2F 0-2: Ball 1-2: Ball 2-2: SINGLE (Groundball, 4MD, EV 93.8 MPH)
|
|
Batting: RHB Travis Leonard
|
0-0: SINGLE (Line Drive, 56, EV 104.4 MPH) Justin Moore to second
|
|
Batting: RHB John Gray
|
0-0: Swinging Strike 0-1: Foul Ball, location: 2F 0-2: Ball 1-2: Strikes out looking
|
| Top of the 3rd over - 0 runs, 2 hits, 0 errors, 2 left on base; Bowie 0 - Jackson 0 |
| BOTTOM OF THE 3RD |
|
Jackson Generals batting - Pitching for Bowie Baysox : RHP Brent Widder
|
|
Batting: RHB Justin Colella
|
0-0: Called Strike 0-1: Ground out 5-3 (Groundball, 56, EV 105.6 MPH)
|
|
Batting: RHB Egidius Kruger
|
0-0: Ball 1-0: Ground out 5-3 (Groundball, 15, EV 80.6 MPH)
|
|
Batting: RHB Mike Conaway
|
0-0: Called Strike 0-1: Called Strike 0-2: Fly out, F8 (Flyball, 8RD, EV 89.4 MPH)
|
| Bottom of the 3rd over - 0 runs, 0 hits, 0 errors, 0 left on base; Bowie 0 - Jackson 0 |
| TOP OF THE 4TH |
|
Bowie Baysox batting - Pitching for Jackson Generals : RHP Frank Kats
|
|
Batting: LHB Andrew Erens
|
0-0: Called Strike 0-1: Ball 1-1: Ball 2-1: Ground out 6-3 (Groundball, 56, EV 93.8 MPH)
|
|
Batting: RHB Jeremy Sipe
|
0-0: Ball 1-0: Called Strike 1-1: SINGLE (Flyball, 4D, EV 90.6 MPH)
|
|
Batting: LHB Raul Rojas
|
0-0: Swinging Strike 0-1: Ball 1-1: Ball 2-1: Ball Jeremy Sipe steals 2nd base 3-1: Swinging Strike 3-2: SINGLE (Groundball, 34D, EV 98.1 MPH) Jeremy Sipe to third Runner from 3rd tries for Home, SAFE, throw by RF to home
|
|
DELAY
|
Rain delay of 41 minutes in the 4th inning.
|
|
Batting: RHB Ray Sims
|
0-0: Called Strike 0-1: Ball 1-1: TRIPLE (Line Drive, 89XD, EV 108.8 MPH) Raul Rojas scores
|
|
Batting: LHB Tom Edwards
|
0-0: Fly out, F9 (Flyball, 9LD, EV 94.4 MPH) Runner from 3rd tags up, SCORES, no throw by RF
|
|
Batting: RHB Muneer Maudad
|
0-0: Ball 1-0: Ball 2-0: Called Strike 2-1: Ball 3-1: Base on Balls
|
|
Batting: LHB Justin Moore
|
0-0: Foul Ball, location: 2F 0-1: Swinging Strike 0-2: Ground out 1-3 (Groundball, 13S, EV 63.8 MPH)
|
| Top of the 4th over - 3 runs, 3 hits, 0 errors, 1 left on base; Bowie 3 - Jackson 0 |
| BOTTOM OF THE 4TH |
|
Jackson Generals batting - Pitching for Bowie Baysox : RHP Brent Widder
|
|
Batting: RHB Ryan Criollo
|
0-0: Ground out 5-3 (Groundball, 56S, EV 93.8 MPH)
|
|
Batting: RHB Julian Gregory
|
0-0: Called Strike 0-1: Fly out, F7 (Flyball, 7D, EV 106.2 MPH)
|
|
Batting: RHB Adan Lake
|
0-0: Called Strike 0-1: SINGLE (Line Drive, 78S, EV 101.9 MPH)
|
|
Batting: RHB Hideo Okimura
|
0-0: Swinging Strike 0-1: Swinging Strike 0-2: Ball 1-2: Ball Passed Ball! Adan Lake to second 2-2: Foul Ball, location: 2F 2-2: Strikes out swinging, 2-3 out at first.
|
| Bottom of the 4th over - 0 runs, 1 hit, 0 errors, 1 left on base; Bowie 3 - Jackson 0 |
| TOP OF THE 5TH |
|
Bowie Baysox batting - Pitching for Jackson Generals : RHP Frank Kats
|
|
Batting: RHB Travis Leonard
|
0-0: Ball 1-0: Called Strike 1-1: Ball 2-1: TRIPLE (Flyball, 9LD, EV 91.9 MPH)
|
|
Pitching: RHP Adam Fair
|
|
|
Batting: RHB John Gray
|
0-0: Ball 1-0: Swinging Strike 1-1: Ball 2-1: Ball 3-1: Base on Balls
|
|
Batting: LHB Andrew Erens
|
0-0: Called Strike 0-1: Called Strike 0-2: Ball 1-2: Ball 2-2: Foul Ball, location: 2F 2-2: Ball 3-2: Strikes out looking
|
|
Batting: RHB Jeremy Sipe
|
0-0: Ball 1-0: Foul Ball, location: 2F 1-1: Ball 2-1: Swinging Strike 2-2: Foul Ball, location: 2F 2-2: Ball 3-2: 3-RUN HOME RUN (Flyball, 7LD, EV 97.5 MPH), Distance : 356 ft
|
|
Batting: LHB Raul Rojas
|
0-0: Called Strike 0-1: Swinging Strike 0-2: Ball 1-2: Foul Ball, location: 2F 1-2: Strikes out swinging
|
|
Batting: RHB Ray Sims
|
0-0: Swinging Strike 0-1: Swinging Strike 0-2: Ground out 4-3 (Groundball, 4, EV 90.6 MPH)
|
| Top of the 5th over - 3 runs, 2 hits, 0 errors, 0 left on base; Bowie 6 - Jackson 0 |
| BOTTOM OF THE 5TH |
|
Jackson Generals batting - Pitching for Bowie Baysox : RHP Brent Widder
|
|
Batting: SHB Brendan Bundy
|
0-0: Foul Ball, location: 2F 0-1: Ball 1-1: Foul Ball, location: 2F 1-2: Strikes out swinging
|
|
Batting: RHB Ching-hsia Zhang
|
0-0: Swinging Strike 0-1: Ball 1-1: Fly out, F8 (Flyball, 8RS, EV 80.6 MPH)
|
|
Batting: RHB Justin Colella
|
0-0: Ball 1-0: Called Strike 1-1: Called Strike 1-2: Ball 2-2: Strikes out swinging
|
| Bottom of the 5th over - 0 runs, 0 hits, 0 errors, 0 left on base; Bowie 6 - Jackson 0 |
| TOP OF THE 6TH |
|
Bowie Baysox batting - Pitching for Jackson Generals : RHP Adam Fair
|
|
Batting: LHB Tom Edwards
|
0-0: Ball 1-0: Ball 2-0: Ball 3-0: Foul Ball, location: 2F 3-1: Base on Balls
|
|
Batting: RHB Muneer Maudad
|
0-0: Ball Tom Edwards steals 2nd, throwing error, E2 Tom Edwards to third 1-0: Called Strike 1-1: Foul Ball, location: 2F 1-2: Ball 2-2: Ball 3-2: Base on Balls
|
|
Batting: LHB Justin Moore
|
0-0: Ball 1-0: Fly out, F8 (Line Drive, 8RD, EV 103.1 MPH) Runner from 3rd tags up, SCORES, throw by CF
|
|
Batting: RHB Travis Leonard
|
0-0: Ball 1-0: Called Strike 1-1: Foul Ball, location: 2F 1-2: Strikes out swinging
|
|
Batting: RHB John Gray
|
0-0: Called Strike 0-1: Called Strike 0-2: Strikes out swinging
|
| Top of the 6th over - 1 run, 0 hits, 1 error, 1 left on base; Bowie 7 - Jackson 0 |
| BOTTOM OF THE 6TH |
|
Jackson Generals batting - Pitching for Bowie Baysox : RHP Brent Widder
|
|
Batting: RHB Egidius Kruger
|
0-0: Ball 1-0: Ground out 2-3 (Groundball, 15S, EV 69.4 MPH)
|
|
Batting: RHB Mike Conaway
|
0-0: Swinging Strike 0-1: Swinging Strike 0-2: Ball 1-2: Ball 2-2: Strikes out swinging
|
|
Batting: RHB Ryan Criollo
|
0-0: Foul Ball, location: 2F 0-1: Called Strike 0-2: Ball 1-2: Fly out, F4 (Popup, 3DF, EV 43.1 MPH)
|
| Bottom of the 6th over - 0 runs, 0 hits, 0 errors, 0 left on base; Bowie 7 - Jackson 0 |
| TOP OF THE 7TH |
|
Bowie Baysox batting - Pitching for Jackson Generals : RHP Adam Fair
|
|
Batting: LHB Andrew Erens
|
0-0: Ball 1-0: DOUBLE (Flyball, 78D, EV 108.1 MPH)
|
|
Pitching: LHP Chan-u Lee
|
|
|
Batting: RHB Jeremy Sipe
|
0-0: Called Strike 0-1: Called Strike 0-2: Strikes out swinging
|
|
Batting: LHB Raul Rojas
|
0-0: Ball 1-0: Ball 2-0: Foul Ball, location: 2F 2-1: Ball 3-1: Swinging Strike 3-2: Strikes out swinging
|
|
Batting: RHB Ray Sims
|
0-0: Ball 1-0: Fly out, F8 (Line Drive, 8LD, EV 93.1 MPH)
|
| Top of the 7th over - 0 runs, 1 hit, 0 errors, 1 left on base; Bowie 7 - Jackson 0 |
| BOTTOM OF THE 7TH |
|
Jackson Generals batting - Pitching for Bowie Baysox : RHP Brent Widder
|
|
Batting: RHB Julian Gregory
|
0-0: Swinging Strike 0-1: Ball 1-1: SINGLE (Flyball, 5D, EV 97.5 MPH)
|
|
Batting: RHB Adan Lake
|
0-0: Swinging Strike 0-1: Called Strike 0-2: Strikes out swinging Julian Gregory steals 2nd base (no throw) Batter strikes out.
|
|
Batting: RHB Hideo Okimura
|
0-0: Foul Ball, location: 2F 0-1: Foul Ball, location: 2F 0-2: Ball 1-2: Foul Ball, location: 2F 1-2: Strikes out swinging
|
|
Batting: SHB Brendan Bundy
|
0-0: Ball 1-0: Ground out 4-3 (Groundball, 4, EV 86.9 MPH)
|
| Bottom of the 7th over - 0 runs, 1 hit, 0 errors, 1 left on base; Bowie 7 - Jackson 0 |
| TOP OF THE 8TH |
|
Bowie Baysox batting - Pitching for Jackson Generals : LHP Chan-u Lee
|
|
Pinch Hitting: RHB HonĂ³rio Szenes
|
0-0: Ball 1-0: Foul Ball, location: 2F 1-1: Ground out 4-3 (Groundball, 4, EV 103.8 MPH)
|
|
Batting: RHB Muneer Maudad
|
0-0: Ball 1-0: Ground out 6-3 (Groundball, 6, EV 88.1 MPH)
|
|
Batting: LHB Justin Moore
|
0-0: Called Strike 0-1: Ball 1-1: Ball 2-1: Ball 3-1: Base on Balls
|
|
Batting: RHB Travis Leonard
|
0-0: Swinging Strike 0-1: Ball 1-1: Foul Ball, location: 2F 1-2: Strikes out swinging
|
| Top of the 8th over - 0 runs, 0 hits, 0 errors, 1 left on base; Bowie 7 - Jackson 0 |
| BOTTOM OF THE 8TH |
|
Jackson Generals batting - Pitching for Bowie Baysox : RHP Brent Widder
|
|
Now at 3B: HonĂ³rio Szenes
|
|
|
Batting: RHB Ching-hsia Zhang
|
0-0: Ball 1-0: Foul Ball, location: 2F 1-1: Ground out 4-3 (Groundball, 4, EV 85.6 MPH)
|
|
Batting: RHB Justin Colella
|
0-0: Called Strike 0-1: Called Strike 0-2: Strikes out looking
|
|
Pinch Hitting: LHB Mario Cardona
|
0-0: Called Strike 0-1: Ball 1-1: Swinging Strike 1-2: Strikes out swinging
|
| Bottom of the 8th over - 0 runs, 0 hits, 0 errors, 0 left on base; Bowie 7 - Jackson 0 |
| TOP OF THE 9TH |
|
Bowie Baysox batting - Pitching for Jackson Generals : LHP Chan-u Lee
|
|
Pitching: LHP Ben Burton
|
|
|
Now at SS: Mario Cardona
|
|
|
Batting: RHB John Gray
|
0-0: SOLO HOME RUN (Flyball, 8LXD, EV 110.0 MPH), Distance : 458 ft
|
|
Batting: LHB Andrew Erens
|
0-0: Swinging Strike 0-1: Foul Ball, location: 2F 0-2: Strikes out swinging, 2-3 out at first.
|
|
Batting: RHB Jeremy Sipe
|
0-0: Ball 1-0: Foul Ball, location: 2F 1-1: Ball 2-1: Foul Ball, location: 2F 2-2: Strikes out swinging
|
|
Batting: LHB Raul Rojas
|
0-0: Ball 1-0: Ball 2-0: Ground out 6-3 (Groundball, 6, EV 97.5 MPH)
|
| Top of the 9th over - 1 run, 1 hit, 0 errors, 0 left on base; Bowie 8 - Jackson 0 |
| BOTTOM OF THE 9TH |
|
Jackson Generals batting - Pitching for Bowie Baysox : RHP Brent Widder
|
|
Batting: RHB Mike Conaway
|
0-0: Swinging Strike 0-1: Foul Ball, location: 2F 0-2: Ball 1-2: Foul Ball, location: 2F 1-2: Strikes out looking
|
|
Pitching: RHP Cody Calderon
|
|
|
Batting: RHB Ryan Criollo
|
0-0: Called Strike 0-1: Ball 1-1: Foul Ball, location: 2F 1-2: Ball 2-2: DOUBLE (Line Drive, 89D, EV 111.9 MPH)
|
|
Batting: RHB Julian Gregory
|
0-0: Ball 1-0: Fly out, F7 (Flyball, 7D, EV 93.1 MPH)
|
|
Batting: RHB Adan Lake
|
0-0: Fly out, F6 (Popup, 6M, EV 57.5 MPH)
|
| Bottom of the 9th over - 0 runs, 1 hit, 0 errors, 1 left on base; Bowie 8 - Jackson 0 |
|